AoeStats
← Winchar

Arabia

509316033Analyzed
2v2 RM · 7d ago on Sep 26, 2026· 34m 17s· 4 players
Game mode
Random Map
Map size
Medium (4 player)
Population
200
Speed
Normal
Resources
Standard
Victory
Conquest
Starting age
Dark Age
Ending age
Imperial Age
RankedLock teamsTeams togetherTeam positionsShared explorationLock speedFull tech treeHidden civsTurbo modeCheats
Victory
Defeat
🇸🇰 Vietnamese · Slovakia
762
+16
🇸🇰 Teutons · Slovakia
762
+16
🇹🇷 Mongols · Türkiye
909
-21
🇹🇷 Teutons · Türkiye
625
-11
Dr. Radko
4:35 Loom
9:47 Feudal Age
11:50 Double-Bit Axe
11:48 Horse Collar
14:31 Fletching
14:42 Padded Archer Armor
22:34 Castle Age
22:15 Scale Mail Armor
22:40 Crossbowman
23:26 Thumb Ring
22:42 Elite Skirmisher
23:46 Leather Archer Armor
samcút_NT
9:52 Feudal Age
9:14 Loom
10:22 Double-Bit Axe
10:18 Horse Collar
21:43 Castle Age
23:36 Bloodlines
29:16 Heavy Plow
33:04 Elite Skirmisher
metehancakirmz
12:23 Feudal Age
Winchar
10:56 Feudal Age
16:26 Castle Age
14:20 Loom
16:36 Castle Age
15:07 Double-Bit Axe
19:33 Stone Mining
21:45 Gold Mining
24:04 Bow Saw
26:03 Pikeman
27:44 Gold Shaft Mining
27:13 Padded Archer Armor
27:04 Fletching
34:04 Ballistics
Connection lost

Rejoining the realm…

Still unreachable

The connection could not be restored.

Session expired

The server has moved on; the page needs a fresh start.